 Dungeon Crawl Stone Soup version 0.30.1-4-g462c640d31 (webtiles) character file.

Game seed: 140729751521255530

481 croobank the Covert (level 7, -6/49 HPs)
             Began as an Octopode Delver on Aug 16, 2023.
             Mangled by an orc
             ... wielding a +0 trident
              (9 damage)
             ... on level 5 of the Dungeon.
             The game lasted 00:15:54 (3960 turns).

croobank the Covert (Octopode Delver)               Turns: 3960, Time: 00:15:55

Health: -6/49      AC:  1    Str: 11    XL:     7   Next: 12%
Magic:  7/7        EV: 13    Int: 15    God:
Gold:   125        SH:  5    Dex: 13    Spells: 6/6 levels left

rFire   . . .        c - +2 whip (venom)
rCold   . . .        l - +1 buckler
rNeg    . . .        (helmet restricted)
rPois   .            (no amulet)
rElec   .            d - ring of resist corrosion
rCorr   +            u - ring of see invisible
SInv    +            (no ring)
Will    .....        (no ring)
Stlth   +++++        (no ring)
HPRegen 0.28/turn    (no ring)
MPRegen 0.10/turn    (no ring)
                     (no ring)

%: no passive effects
@: no status effects
A: almost no armour, amphibious, 8 rings, camouflage 1, gelatinous body 1,
(nimble swimmer 1), tentacles
a: no special abilities


You were on level 5 of the Dungeon.
You visited 1 branch of the dungeon, and saw 6 of its levels.

You collected 125 gold pieces.

Inventory:

Hand Weapons
 a - a +0 short sword
 b - a +0 sling
 c - a +2 whip of venom (weapon)
 e - a +1 flail of holy wrath
 h - a +0 dagger
 p - a +0 morningstar
 t - a +3 spear
 w - a +0 war axe
 x - a +0 trident
 z - a +0 scimitar
Missiles
 i - 8 poisoned darts (quivered)
Armour
 l - a +1 buckler (worn)
Jewellery
 d - a ring of resist corrosion (left tentacle)
 u - a ring of see invisible (right tentacle)
Wands
 f - a wand of digging (2)
 m - a wand of quicksilver (4)
Scrolls
 n - 3 scrolls of fog
 q - a scroll of immolation
 r - a scroll of teleportation
 s - a scroll of amnesia
Potions
 g - 2 potions of might
 j - a potion of ambrosia
 k - a potion of curing
 o - a potion of invisibility
 v - a potion of lignification {unknown}


   Skills:
 + Level 4.4 Fighting
 + Level 4.0 Short Blades
 + Level 3.7 Dodging
 + Level 8.2 Stealth
 + Level 2.2 Shields


You had 6 spell levels left.
You didn't know any spells.
Your spell library contained the following spells:

 Spells                   Type           Power      Damage    Failure   Level
 Summon Small Mammal      Summ           0%         N/A       36%         1
 Sublimation of Blood     Necr           0%         N/A       50%         2
 Wereblood                Tmut           0%         N/A       50%         2
 Call Canine Familiar     Summ           0%         N/A       75%         3
 Summon Guardian Golem    Hex/Summ       0%         N/A       75%         3
 Simulacrum               Ice/Necr       0%         N/A       100%        6
 Ozocubu's Refrigeration  Ice            0%         4d7       100%        7
 Summon Hydra             Summ           0%         N/A       100%        7
 Polar Vortex             Ice            0%         N/A       100%        9


Dungeon Overview and Level Annotations

Branches:
Dungeon (6/15)
 Temple: D:4-7

Altars:

Annotations:
D:6 Prince Ribbit


Innate Abilities, Weirdness & Mutations

You cannot wear most types of armour.
You are amphibious.
You can wear up to eight rings at the same time.
Your skin changes colour to match your surroundings (Stealth+).
Your rubbery body absorbs attacks. (AC +1, EV +1)
((You are camouflaged when in or above water. (Stealth+)))
You have tentacles for arms and can constrict up to eight enemies at once.


Message History

The centaur is moderately wounded.
You feel sick. The centaur hits you. The centaur barely misses you.
The adder bites you.
The orc splashes around in the water.
The centaur barely misses you. The centaur completely misses you.
The orc hits the plant with a +0 hand axe.
You hit the adder.
The adder is poisoned.
Your grab misses the adder. Your squeeze misses the adder.
The adder is heavily wounded.
You feel sick. The adder completely misses you. The centaur barely misses you.
The centaur kicks you but does no damage.
The orc closely misses you.
The orc hits the plant with a +0 hand axe.
The plant begins to die.
You block the adder's attack. The centaur hits you.
The centaur barely misses you. The orc closely misses you.
You barely miss the adder. Your grab misses the adder.
The adder is heavily wounded.
You feel sick.
A nearby plant withers and dies.
You block the centaur's attack. The centaur misses you. The adder bites you.
* * * LOW HITPOINT WARNING * * *
You are more poisoned.
The adder poisons you!
The orc hits the plant with a +0 hand axe.
The orc hits you from afar with a +0 trident!
* * * LOW HITPOINT WARNING * * *
You feel better. The centaur hits you.
* * * LOW HITPOINT WARNING * * *
The centaur barely misses you. The adder closely misses you.
You block the centaur's attack.
The centaur kicks you but does no damage.
The orc hits you from afar with a +0 trident!
* * * LOW HITPOINT WARNING * * *
The adder closely misses you.
Okay, then.
As you read the scroll labelled TAZYMO DURACS, it crumbles to dust.
Wisps of shadow whirl around you...
It was a scroll of summoning.
The centaur barely misses you. The centaur kicks you.
* * * LOW HITPOINT WARNING * * *
You block the adder's attack.
The orc hits you from afar with a +0 trident!
You die...

#.. ..##....# ..## #.#
#.......## ..## #.#
.....PP..###."## #.#
♣♣~.~.~~P.##...# #.#
~~~~.~.....!...# ##.## #
~~~≈≈~oo~P.....###...# #
~.~~≈≈Po~♣...........###
~.~~~~c@o.o.............
~~~~~~~SSl..............
P..♣...o.h............##
# ##..o..........#####
...#####......## ♣ #..#
##....## ♣P .... #.....#


♣PP .... .......# ~~P~ #....... Y♣~♣~ You could see a centaur (very poisoned),
an adder (very poisoned, ally target), 2 orcs, a friendly iguana (summoned), a
friendly hound (summoned), a friendly orc wizard (summoned, wandering), a
friendly adder (summoned) and 4 friendly orcs.

Vanquished Creatures
  Blork the orc (D:4)
  2 scorpions
  A hound (D:4)
  An orc priest (D:4)
  An orc wizard (D:4)
  A hound zombie (D:2)
  A hound skeleton (D:2)
  4 gnolls
  2 adders
  3 adder skeletons (D:2)
  A worm (D:2)
  A dart slug (D:1)
  8 orcs
  5 bats
  A bat skeleton (D:2)
  15 endoplasms
  4 giant cockroaches
  7 goblins
  9 hobgoblins
  6 jackals (D:1)
  4 quokkas
  10 ball pythons
  A ball python skeleton (D:2)
  3 frilled lizards
  12 kobolds
  9 rats
113 creatures vanquished.

Notes
Turn   | Place    | Note
-------+----------+-------------------------------------------
     0 | D:5      | croobank the Octopode Delver began the quest for the Orb.
     0 | D:5      | Reached XP level 1. HP: 16/16 MP: 1/1
     2 | D:5      | Noticed an ice beast
    19 | D:6      | Noticed a scorpion
    27 | D:6      | Killed a scorpion
    28 | D:6      | Reached skill level 7 in Stealth
    28 | D:6      | Reached XP level 2. HP: 21/21 MP: 2/2
    28 | D:6      | Reached XP level 3. HP: 26/26 MP: 3/3
    28 | D:6      | Reached XP level 4. HP: 31/31 MP: 4/4
    37 | D:6      | Noticed Prince Ribbit
    37 | D:6      | Noticed a bullfrog
   145 | D:4      | Noticed Blork the orc
   985 | D:1      | Reached XP level 5. HP: 37/37 MP: 5/5
  1526 | D:2      | Reached skill level 1 in Shields
  2379 | D:3      | Reached XP level 6. HP: 43/43 MP: 6/6
  2551 | D:3      | Found a faded altar of an unknown god.
  3276 | D:4      | Reached skill level 8 in Stealth
  3741 | D:4      | Killed Blork the orc
  3742 | D:4      | Reached XP level 7. HP: 29/49 MP: 7/7
  3960 | D:5      | Mangled by an orc

Illustrated notes

Levels and vault maps discovered:
D:1:      amcnicky_arrival_feature_with_door, layout_loops_ring
D:2:      layout_basic, serial_undead, serial_undead_a, serial_undead_d,
          serial_undead_a, serial_undead_f, serial_undead_e, serial_undead_d,
          hex_large, serial_park_tiny_2, minmay_misc_feat_four_crosses
D:3:      layout_basic, dreamdust_ecumenical_altar_sealed_demon,
          chequers_serial_rivers_micro_c
D:4:      layout_basic, solitary_fountain, dk_noncrumbling_3, uniq_blork_the_orc
D:5:      layout_layer_cave, mainiacjoe_overflow_concentric_impassable,
          serial_bayou, serial_bayou_pond_d, serial_bayou_lake_a,
          serial_bayou_pond_b, serial_bayou_crossing, serial_bayou_shore_b,
          serial_bayou_lagoon_a, gammafunk_ghost_smash, uniq_pikel
D:6:      layout_basic, minmay_temple_entry_glass, uniq_prince_ribbit1,
          uniq_eustachio, uniq_edmund

Skill      XL: |  1  2  3  4  5  6  7 |
---------------+----------------------+-----
Stealth        | 7 8 |  8.2
Short Blades   | 3 4 |  4.0
Dodging        | 3 |  3.7
Shields        | 1 2 |  2.2
Fighting       | 4 |  4.4

Action                     |  1- 3 |  4- 6 |  7- 9 || total
---------------------------+-------+-------+-------++-------
  Melee: Short sword       |     2 |   137 |       ||   139
         Constrict         |     1 |    48 |     2 ||    51
         Tentacles         |     1 |    45 |     1 ||    47
         Flail             |       |    66 |       ||    66
         Punch             |       |     2 |       ||     2
         Whip              |       |    14 |    12 ||    26
   Fire: Sling             |       |     9 |       ||     9
  Throw: Dart              |       |     1 |       ||     1
  Evoke: Wand              |       |     1 |       ||     1
    Use: Scroll            |       |    11 |     1 ||    12
         Potion            |       |     1 |     1 ||     2
   Stab: Sleeping          |     1 |    39 |       ||    40
 Armour: Skin              |       |    12 |     3 ||    15
  Dodge: Dodged            |     1 |   135 |    26 ||   162
  Block: Buckler           |       |    17 |    10 ||    27
